Map: Romanticide LE

Players

MCanning

  • Race: Protoss Protoss
  • Spawn Location: 11:00

JonSnow - Winner!

  • Race: Zerg Zerg
  • League: Grandmaster
  • Spawn Location: 5:00

Event: DreamHack SC2 Masters 2020 Winter

VOD

Have the link to the VOD?

Description

Time

  • Played on: Oct. 31, 2020, 4:21 p.m.
  • Length: 9:55

All games in this series

Show
View Real Time Build Order
Export as new Build Order

MCanning Protoss 

Build Orders: 1 Gate Expand, Oracle Opening 

Get SALT Encoding   

  12  0:00  Probe  
  13  0:12  Probe  
  14  0:20  Pylon  
  14  0:24  Probe  
  15  0:38  Probe (Chrono Boost)  
  15  0:39  Gateway  
  16  0:49  Assimilator, Probe (Chrono Boost)  
  17  0:54  Probe (Chrono Boost)  
  18  1:04  Probe  
  19  1:16  Probe  
  20  1:21  Unknown  
  20  1:24  Nexus  
  20  1:29  Unknown  
  20  1:30  Unknown  
  20  1:33  Cybernetics Core  
  20  1:35  Probe  
  21  1:43  Pylon  
  21  1:48  Probe  
  21  1:52  Assimilator  
  22  2:00  Probe  
  23  2:07  Adept (Chrono Boost)  
  23  2:12  Probe  
  26  2:24  Stargate, Probe  
  26  2:29  Stalker (Chrono Boost)  
  27  2:35  Probe  
  27  2:36  Probe  
  31  2:41  Warp Gate  
  31  2:48  Probe x2  
  33  3:00  Probe x2  
  33  3:01  Void Ray (Chrono Boost)  
  35  3:12  Probe x2  
  41  3:14  Gateway  
  41  3:24  Probe x2  
  43  3:28  Pylon  
  43  3:36  Probe x2  
  43  3:37  Pylon  
  45  3:44  Oracle (Chrono Boost)  
  48  3:48  Probe  
  48  3:49  Probe  
  48  3:53  Assimilator  
  48  3:55  Assimilator  
  49  4:00  Probe  
  49  4:01  Pylon, Probe  
  51  4:12  Probe (Chrono Boost)  
  51  4:13  Probe (Chrono Boost)  
  53  4:17  Nexus  
  53  4:22  Pylon  
  53  4:24  Probe (Chrono Boost)  
  53  4:31  Probe (Chrono Boost)  
  55  4:33  Probe (Chrono Boost)  
  55  4:34  Adept x2  
  55  4:37  Probe (Chrono Boost)  
  61  4:39  Probe  
  62  4:49  Fleet Beacon, Probe  
  62  4:51  Probe  
  62  4:52  Stargate  
  64  4:59  Stargate  
  64  5:01  Probe  
  64  5:03  Probe  
  66  5:13  Probe  
  67  5:15  Probe  
  67  5:20  Protoss Air Weapons Level 1  
  68  5:26  Probe (Chrono Boost)  
  66  5:30  Forge, Probe x2 (Chrono Boost)  
  66  5:32  Zealot, Adept  
  69  5:38  Probe (Chrono Boost)  
  69  5:41  Probe (Chrono Boost)  
  78  5:44  Probe (Chrono Boost)  
  78  5:45  Probe (Chrono Boost)  
  78  5:46  Assimilator  
  78  5:47  Carrier (Chrono Boost), Probe (Chrono Boost)  
  80  5:56  Carrier (Chrono Boost)  
  86  5:59  Probe  
  86  6:02  Probe  
  88  6:04  Assimilator, Zealot  
  88  6:05  Zealot  
  88  6:06  Pylon  
  92  6:12  Pylon  
  92  6:17  Pylon  
  92  6:18  Photon Cannon  
  92  6:20  Probe  
  92  6:23  Void Ray (Chrono Boost)  
  97  6:25  Pylon  
  101  6:32  Pylon  
  101  6:36  Photon Cannon  
  101  6:37  Photon Cannon  
  101  6:40  Probe, Void Ray (Chrono Boost)  
  101  6:41  Shield Battery  
  101  6:42  Probe  
  101  6:46  Void Ray (Chrono Boost)  
  107  6:49  Robotics Facility  
  107  6:57  Probe  
  108  7:04  Twilight Council  
  108  7:06  Pylon  
  112  7:08  Void Ray (Chrono Boost)  
  112  7:10  Probe  
  112  7:15  Gateway  
  113  7:17  Gateway  
  113  7:19  Gateway  
  113  7:22  Pylon  
  119  7:25  Carrier (Chrono Boost)  
  119  7:32  Void Ray (Chrono Boost)  
  119  7:36  Protoss Air Weapons Level 2 (Chrono Boost)  
  119  7:39  Probe  
  119  7:42  Observer (Chrono Boost)  
  125  7:44  Pylon  
  125  7:51  Templar Archives  
  125  7:52  Gateway  
  125  7:54  Probe x2  
  124  8:06  Charge (Chrono Boost)  
  124  8:10  Zealot x3  
  130  8:13  Carrier (Chrono Boost)  
  130  8:17  Probe  
  130  8:18  Photon Cannon  
  137  8:27  Nexus  
  137  8:32  Photon Cannon  
  137  8:33  Photon Cannon  
  136  8:38  Zealot  
  136  8:39  Zealot  
  138  8:50  Zealot  
  138  8:53  Pylon  
  138  8:58  Pylon  
  138  8:59  Pylon  
  138  9:01  Zealot x2  
  141  9:15  Zealot  
  141  9:16  Zealot x3  
  151  9:21  Zealot x2  
  137  9:36  Zealot x4  
  144  9:44  Zealot x2  
Show
View Real Time Build Order
Export as new Build Order

JonSnow Zerg - Winner!

Build Orders: Hatch First 

Get SALT Encoding   

  12  0:01  Drone  
  13  0:12  Overlord  
  13  0:18  Drone  
  14  0:30  Drone x2  
  16  0:48  Hatchery  
  15  0:52  Drone  
  15  0:55  Drone  
  17  0:58  Drone  
  18  1:07  Extractor  
  17  1:16  Spawning Pool  
  17  1:18  Drone  
  17  1:21  Drone  
  18  1:27  Drone  
  19  1:37  Unknown  
  19  1:41  Drone  
  20  1:51  Overlord  
  20  2:02  Queen x2  
  20  2:03  Zergling x4  
  26  2:12  Metabolic Boost  
  26  2:13  Drone  
  27  2:16  Drone  
  28  2:23  Drone x2  
  30  2:36  Hatchery  
  29  2:42  Zergling x2  
  29  2:44  Drone x2  
  32  3:04  Queen  
  32  3:05  Drone x2  
  36  3:06  Overlord  
  36  3:09  Overlord  
  36  3:10  Overlord  
  36  3:18  Overlord  
  36  3:26  Drone x4  
  39  3:32  Drone  
  40  3:39  Queen  
  40  3:40  Drone x2  
  43  3:45  Drone x3  
  45  3:50  Queen  
  45  3:51  Drone x2  
  45  3:52  Drone  
  50  3:58  Lair  
  50  3:59  Zergling x2  
  50  4:00  Zergling x2  
  53  4:02  Drone  
  53  4:10  Drone x2, Spore Crawler  
  53  4:14  Drone x4  
  58  4:17  Drone  
  58  4:20  Drone  
  58  4:22  Drone  
  61  4:24  Drone  
  61  4:26  Drone  
  61  4:27  Queen  
  61  4:29  Drone  
  66  4:39  Extractor  
  66  4:40  Extractor x2  
  66  4:42  Extractor x2, Zergling x10  
  66  4:44  Spore Crawler  
  64  4:51  Spore Crawler  
  63  4:53  Drone x2  
  65  5:06  Overlord  
  65  5:08  Overlord  
  64  5:14  Spire  
  60  5:23  Overlord x2  
  60  5:26  Drone x13  
  71  5:31  Drone  
  71  5:32  Drone  
  73  5:41  Drone  
  73  5:42  Drone x2  
  76  5:46  Evolution Chamber  
  75  5:50  Drone, Hatchery  
  74  6:08  Drone  
  74  6:09  Drone x7, Queen  
  74  6:10  Hydralisk Den  
  83  6:11  Drone  
  83  6:12  Drone x2  
  83  6:15  Drone x2  
  83  6:17  Zerg Missile Weapons Level 1  
  88  6:18  Drone  
  89  6:27  Overlord  
  89  6:30  Overlord  
  89  6:32  Unknown  
  87  6:34  Drone x2  
  89  6:43  Overlord  
  89  6:44  Muscular Augments, Queen  
  89  6:45  Overlord  
  91  6:50  Overlord x3  
  91  7:03  Overlord  
  91  7:10  Drone  
  91  7:15  Queen  
  92  7:18  Hydralisk x2  
  92  7:19  Hydralisk x9  
  118  7:27  Hydralisk x3  
  126  7:34  Overseer  
  126  7:37  Hydralisk x5  
  126  7:42  Hydralisk x3  
  126  7:43  Hydralisk  
  139  7:46  Queen  
  141  7:52  Hydralisk x3  
  141  7:53  Hydralisk  
  147  7:59  Hydralisk  
  147  8:00  Hydralisk x2  
  147  8:02  Grooved Spines  
  153  8:08  Hydralisk x3  
  153  8:11  Overlord  
  159  8:14  Infestation Pit  
  158  8:23  Hydralisk  
  158  8:30  Hydralisk x5  
  158  8:32  Overlord  
  164  8:42  Hydralisk x2  
  160  8:50  Hydralisk x8  
  162  8:56  Hydralisk x3  
  168  9:03  Hydralisk x3  
  168  9:11  Hydralisk x3  
  174  9:18  Hydralisk x2  
  174  9:23  Hydralisk x2  
  176  9:24  Overlord  
  166  9:33  Zergling x2  
Tags
 
Add a new tag
Caveats
  • Supply blocks, unpowered buildings, or Contaminate may cause inaccurate times.
  • Supply counts are checked every 10 seconds.